 Dungeon Crawl Stone Soup version 0.31-a0-354-g827e095 (webtiles) character file.

Game seed: 15689225171623355325

118 Dawnplanks the Chopper (level 5, -1/32 (46) HPs)
             Began as a Hill Orc Fighter on July 23, 2023.
             Was an Initiate of Okawaru.
             Slain by Edmund
             ... wielding a +3 flail of draining
              (6 damage)
             ... on level 4 of the Dungeon.
             The game lasted 00:04:07 (2100 turns).

Dawnplanks the Chopper (Hill Orc Fighter)           Turns: 2100, Time: 00:04:07

HP:   -1/32 (46)    AC: 12    Str: 21    XL:     5   Next: 2%
MP:   5/5           EV:  7    Int:  8    God:    Okawaru [......]
Gold: 265           SH:  4    Dex: 10    Spells: 4/4 levels left

rFire   . . .        a - +0 war axe
rCold   . . .        c - +0 buckler
rNeg    . . .        j - +0 chain mail
rPois   .            (no helmet)
rElec   .            (no cloak)
rCorr   .            (no gloves)
SInv    .            g - +2 pair of boots
Will    +....        (no amulet) Stlth
                     q - ring of willpower
HPRegen 0.25/turn    (no ring)
MPRegen 0.09/turn

%: no passive effects
@: very heavily drained
A: no striking features
a: Renounce Religion


You were on level 4 of the Dungeon.
You worshipped Okawaru.
Okawaru was noncommittal.
You visited 1 branch of the dungeon, and saw 4 of its levels.

You collected 265 gold pieces.

Inventory:

Hand Weapons
 a - a +0 war axe (weapon)
Missiles
 b - 31 stones (quivered)
Armour
 c - a +0 buckler (worn)
 g - a +2 pair of boots (worn)
 j - a +0 chain mail (worn)
Jewellery
 q - a ring of willpower (left hand)
Scrolls
 h - a scroll of fog {unknown}
 i - a scroll of vulnerability {unknown}
 k - a scroll of teleportation {unknown}
 m - 4 scrolls of identify {unknown}
 r - a scroll of amnesia {unknown}
 t - a scroll of immolation {unknown}
 u - a scroll of torment {unknown}
Potions
 d - a potion of might
 e - a potion of lignification {unknown}
 f - a potion of degeneration {unknown}
 l - a potion of berserk rage {unknown}
 n - a potion of heal wounds {unknown}
 o - a potion of enlightenment {unknown}
 p - a potion of experience {unknown}
 s - a potion of invisibility {unknown}


   Skills:
 + Level 4.2 Fighting
 * Level 5.1 Axes
 + Level 3.9 Armour
 + Level 3.6 Shields
 * Level 1.0 Invocations


You had 4 spell levels left.
You didn't know any spells.
Your spell library contained the following spells:

 Spells                   Type           Power      Damage    Failure   Level
 Alistair's Intoxication  Tmut/Pois      0%         N/A       100%        5
 Borgnjor's Vile Clutch   Necr/Erth      0%         N/A       100%        5
 Eringya's Noxious Bog    Tmut/Pois      0%         4d6       100%        6


Dungeon Overview and Level Annotations

Branches:
Dungeon (4/15)             Temple (0/1) D:4

Altars:
Cheibriados
Okawaru

Annotations:
D:4 Edmund


Message History

You feel drained. The adder bites you but does no damage.
Edmund hits you with a +3 flail of draining.
* * * LOW HITPOINT WARNING * * *
You feel drained.
* * * LOW HITPOINT WARNING * * *
You closely miss Edmund.
Edmund is heavily wounded.
You hit the adder but do no damage.
The adder bites you but does no damage. x2
Edmund closely misses you.
You closely miss Edmund.
Edmund is heavily wounded.
You barely miss the adder. You block the adder's attack.
Edmund hits you with a +3 flail of draining.
* * * LOW HITPOINT WARNING * * *
You feel drained.
* * * LOW HITPOINT WARNING * * *
The adder bites you but does no damage.
You slash Edmund!
Edmund is almost dead.
You closely miss the adder. You hit the hobgoblin.
The hobgoblin completely misses you. You block Edmund's attack.
You block the adder's attack.
You barely miss Edmund.
Edmund is almost dead.
You barely miss the adder. You barely miss the hobgoblin.
The adder barely misses you. You block the hobgoblin's attack.
Edmund gestures with his flail.
Edmund hits you but does no damage.
You feel drained. You block the adder's attack.
The hobgoblin hits you but does no damage.
Edmund barely misses you.
You hit Edmund but do no damage.
Edmund is almost dead.
You hit the adder but do no damage. You hit the hobgoblin.
You kill the hobgoblin!
Okawaru accepts your kill. The adder closely misses you.
Edmund says, "People will remember me!
They'll remember me and die!"
Edmund hits you with a +3 flail of draining.
You die...

# ...#..... .#.
....#.....
#...######.#....#.#
...$...............
.................#
...............#
...........S...#
..#.8.#...†@...###
...........@.......
..8.>.8.........###
........^.......#
<.#.8.#...†.[.#..#
#.....##.....###.(.
#..### #..>.... ##.
... #........ ..
#........#


You could see Edmund and an adder.

Vanquished Creatures
  An iguana (D:4)
  A gnoll (D:1)
  2 adders (D:3)
  A worm (D:2)
  An orc (D:3)
  4 endoplasms
  2 giant cockroaches
  3 goblins
  11 hobgoblins
  2 jackals (D:3)
  5 kobolds
  3 quokkas
  4 ball pythons
  7 bats
  3 frilled lizards
  10 rats
60 creatures vanquished.

Notes
Turn   | Place    | Note
-------+----------+-------------------------------------------
     0 | D:1      | Dawnplanks the Hill Orc Fighter began the quest for the
                  | Orb.
     0 | D:1      | Reached XP level 1. HP: 19/19 MP: 1/1
    62 | D:1      | Reached XP level 2. HP: 21/27 MP: 2/2
    68 | D:1      | Reached skill level 3 in Axes
   333 | D:1      | Reached XP level 3. HP: 33/33 MP: 3/3
   928 | D:2      | Found a snail-covered altar of Cheibriados.
   977 | D:2      | Reached skill level 4 in Axes
  1108 | D:3      | Found an iron altar of Okawaru.
  1112 | D:3      | Reached XP level 4. HP: 40/40 MP: 4/4
  1119 | D:3      | Became a worshipper of Warmaster Okawaru
  1991 | D:4      | Found a staircase to the Ecumenical Temple.
  2004 | D:4      | Reached skill level 5 in Axes
  2004 | D:4      | Reached skill level 1 in Invocations
  2004 | D:4      | Reached XP level 5. HP: 24/46 MP: 5/5
  2006 | D:4      | Noticed Edmund
  2100 | D:4      | Slain by Edmund

Illustrated notes

Levels and vault maps discovered:
D:1:      co_arrival_square_in_a_square_in_a_square, layout_basic
D:2:      layout_rooms, basic_altar
D:3:      layout_loops_corners, lemuel_crystal_altar
D:4:      layout_rooms, minmay_temple_entry_statues_pillars, uniq_edmund,
          uniq_duvessa

Skill      XL: |  1  2  3  4 |
---------------+-------------+-----
Fighting       | 4 |  4.2
Axes           | 3 4 5 |  5.1
Invocations    | 1 |  1.0
Armour         | |  3.9
Shields        | |  3.6

Action                     |  1- 3 |  4- 6 || total
---------------------------+-------+-------++-------
  Melee: War axe           |    87 |    64 ||   151
  Throw: Stone             |       |     1 ||     1
 Armour: Scale mail        |    13 |       ||    13
         Chain mail        |    35 |    50 ||    85
  Dodge: Dodged            |    46 |    28 ||    74
  Block: Buckler           |    26 |     7 ||    33

Table legend: (Time is in decaauts)
 A = Elapsed time spent in this place.
 B = Non-inter-level travel time spent in this place.
 C = Inter-level travel time spent in this place.
 D = Time resting spent in this place.
 E = Time spent auto-exploring this place.
 F = Levels seen in this place.
 G = Mean time per level.
                   A        B        C        D        E       F      G
               +--------+--------+--------+--------+--------+-----+--------+
         Total |   2150 |   2032 |    118 |     72 |   1563 |   4 |  537.5 |
       Dungeon |   2150 |   2032 |    118 |     72 |   1563 |   4 |  537.5 |
               +--------+--------+--------+--------+--------+-----+--------+

Top non-repeatable levels by time:
     D:3: 1063 daAuts
     D:1: 663 daAuts
     D:2: 381 daAuts
     D:4: 41 daAuts
